 Dungeon Crawl Stone Soup version 0.23.2-1-ga50397a (webtiles) character file.

Game seed: 7992911888760582136

145 Folque the Digger (level 5, -1/41 HPs)
             Began as a Draconian Earth Elementalist on May 12, 2019.
             Slain by a wyvern zombie (3 damage)
             ... on level 3 of the Dungeon.
             The game lasted 00:08:35 (2336 turns).

Folque the Digger (Draconian Earth Elementalist)    Turns: 2336, Time: 00:08:36

Health: -1/41      AC:  5    Str: 11    XL:     5   Next: 6%
Magic:  0/10       EV: 12    Int: 16    God:
Gold:   175        SH:  0    Dex: 11    Spells: 4/10 levels left

rFire    . . .     SeeInvis .   h - +0 short sword (venom)
rCold    . . .     Gourm    .   (no shield)
rNeg     . . .     Faith    .   (armour unavailable)
rPois    .         Spirit   .   (helmet restricted)
rElec    .         Reflect  .   (no cloak)
rCorr    .         Harm     .   (no gloves)
MR       .....                  (no boots)
Stlth    ++........             (no amulet)
HPRegen  0.13/turn              (no ring)
MPRegen  0.12/turn              (no ring)

@: about to teleport, very slightly contaminated
A: unfitting armour, mutation resistance 1, screaming 1, cold-blooded, AC +5
a: no special abilities


You were on level 3 of the Dungeon.
You were not hungry.

You visited 1 branch of the dungeon, and saw 3 of its levels.

You collected 175 gold pieces.

Inventory:

Hand Weapons
 a - a +0 dagger
 e - a +1 short sword of protection
 h - a +0 short sword of venom (weapon)
 u - a +0 falchion
Missiles
 b - 80 stones (quivered)
Jewellery
 d - a +3 ring of dexterity {unknown}
 k - an uncursed amulet of faith {unknown}
Scrolls
 f - a scroll of amnesia {unknown}
 g - 3 scrolls of identify {unknown}
 i - a scroll of random uselessness {unknown}
 j - a scroll of enchant weapon {unknown}
 p - 5 scrolls of remove curse {unknown}
 q - a scroll of immolation {unknown}
 r - 2 scrolls of magic mapping {unknown}
 s - a scroll of fog {unknown}
Potions
 l - 2 potions of lignification {unknown}
 m - a potion of brilliance {unknown}
 o - a potion of mutation
Comestibles
 c - 8 rations
 t - 8 chunks of flesh


   Skills:
 - Level 2.0 Fighting
 - Level 1.7 Dodging
 - Level 1.7 Stealth
 + Level 3.3 Spellcasting
 + Level 2.0 Conjurations
 - Level 1.0 Transmutations
 * Level 3.7 Earth Magic


You had 4 spell levels left.
You knew the following spells:

 Your Spells              Type           Power        Failure   Level  Hunger
a - Sandblast             Erth           ##....       3%          1    None
b - Passwall              Tmut/Erth      ##......     11%         2    ##.....
c - Stone Arrow           Conj/Erth      ##....       16%         3    ###....

Your spell library contained the following spells:

 Spells                   Type           Power        Failure   Level  Hunger
 Petrify                  Tmut/Erth      ##......     56%         4    ####...
 Lee's Rapid Deconstruct  Erth           ##........   71%         5    ######.


Dungeon Overview and Level Annotations

Branches:
Dungeon (3/15)

Altars:


Innate Abilities, Weirdness & Mutations

Your plain brown scales are hard. (AC +5)
You cannot fit into any form of body armour.
You are cold-blooded and may be slowed by cold attacks.
You are somewhat resistant to further mutation.
You occasionally shout uncontrollably at your foes.


Message History

b - 81 stones The wyvern zombie barely misses you.
Casting: Sandblast (safe; 3% risk of failure)
Confirm with . or Enter, or press ? or * to list all spells.
Aiming: Sandblast (safe; 3% risk of failure)
Press: ? - help, Shift-Dir - straight line, f/p - adder
Aim: an adder The blast of sand hits the wyvern zombie.
The wyvern zombie is moderately damaged.
b - 80 stones The wyvern zombie closely misses you.
As you read the scroll of teleportation, it crumbles to dust.
You feel strangely unstable. The wyvern zombie bites you!
* * * LOW HITPOINT WARNING * * *
The wyvern zombie bites you.
* * * LOW HITPOINT WARNING * * *
It was a potion of mutation.
You feel extremely strange.
You feel genetically stable.
You feel the urge to shout. The wyvern zombie bites you.
You die...

#######.###........#
..........#........#
................>..#####
.......................####
.÷.##................≈..≈..
...##................≈.≈≈≈.
...##........###S#≈≈≈≈≈≈≈≈≈
...##........# #Z#..≈≈≈≈≈≈≈
...####......# #@#..≈≈≈≈≈≈≈
...# #......+...#..≈≈≈.♣♣≈
...# ......##..#..≈≈≈♣_.≈
...# ...... #..#.≈≈≈≈.≈≈≈
.... #..#≈≈≈≈≈≈≈≈≈
#..#≈.≈≈≈≈≈≈≈ #.....≈≈≈≈≈≈≈
#.##..≈≈..... #≈.≈.≈≈..≈


You could see an adder and a wyvern zombie.

Vanquished Creatures
  A crimson imp (D:2)
  Natasha (D:3)
  An adder (D:2)
  An ooze (D:1)
  3 worms
  2 dart slugs (D:2)
  3 leopard geckos
  3 orcs (D:3)
  2 giant cockroaches
  6 goblins
  4 hobgoblins
  7 jackals
  5 kobolds
  3 quokkas (D:2)
  A ball python (D:1)
  3 bats (D:2)
  2 frilled lizards (D:2)
  2 rats (D:1)
50 creatures vanquished.

Vanquished Creatures (others)
  A rat (D:3)
1 creature vanquished.

Grand Total: 51 creatures vanquished

Notes
Turn   | Place    | Note
-------+----------+-------------------------------------------
     0 | D:1      | Folque the Draconian Earth Elementalist began the quest for
                  | the Orb.
     0 | D:1      | Reached XP level 1. HP: 14/14 MP: 3/3
   381 | D:1      | Reached XP level 2. HP: 9/22 MP: 3/5
   708 | D:1      | Reached skill level 1 in Fighting
  1072 | D:1      | Learned a level 2 spell: Passwall
  1113 | D:1      | Reached XP level 3. HP: 20/28 MP: 4/7
  1135 | D:2      | Learned a level 3 spell: Stone Arrow
  1500 | D:2      | Reached skill level 1 in Conjurations
  1500 | D:2      | Reached XP level 4. HP: 28/36 MP: 6/8
  2276 | D:3      | Noticed Natasha
  2277 | D:3      | Killed Natasha
  2277 | D:3      | Reached XP level 5. HP: 37/41 MP: 7/10
  2314 | D:3      | Found a faded altar of an unknown god.
  2335 | D:3      | HP: 2/41 [wyvern zombie (3)]
  2336 | D:3      | Gained mutation: You are somewhat resistant to further
                  | mutation. [potion of mutation]
  2336 | D:3      | Gained mutation: You occasionally shout uncontrollably at
                  | your foes. [potion of mutation]
  2336 | D:3      | Slain by a wyvern zombie

Skill      XL: |  1  2  3  4 |
---------------+-------------+-----
Fighting       | 1 2 |  2.0
Spellcasting   | 3 |  3.3
Conjurations   | 1 2 |  2.0
Dodging        | |  1.7
Stealth        | |  1.7
Transmutations | |  1.0
Earth Magic    | |  3.7

Action                   |  1- 3 |  4- 6 || total
-------------------------+-------+-------++-------
Melee: Short sword       |    88 |    52 ||   140
       Dagger            |    11 |       ||    11
       Tailslap          |     8 |     5 ||    13
 Cast: Sandblast         |    15 |     6 ||    21
       Stone Arrow       |     1 |     1 ||     2
  Use: Scroll            |       |     2 ||     2
       Potion            |       |     1 ||     1
 Stab: Sleeping          |     5 |     1 ||     6
  Eat: Chunk             |     2 |     3 ||     5
Armor: Skin              |    37 |    18 ||    55
Dodge: Dodged            |    79 |    33 ||   112
